Map: Lerilak Crest

Players

capac - Winner!

  • Race: Terran Terran
  • League: Gold

A.I. 1 (Elite)

  • Race: Zerg Zerg

VOD

Have the link to the VOD?

Description

Time

  • Played on: March 16, 2016, 3:21 p.m.
  • Length: 9:21
Show
View Real Time Build Order
Export as new Build Order

capac Terran - Winner!

Build Orders:  

Get SALT Encoding   

  12  0:00  SCV  
  13  0:13  SCV  
  14  0:17  Supply Depot  
  14  0:25  SCV  
  15  0:39  SCV  
  15  0:42  Barracks  
  16  0:47  Refinery  
  16  0:51  SCV  
  17  1:03  SCV  
  18  1:16  SCV  
  19  1:31  Barracks Reactor  
  19  1:33  SCV  
  19  1:39  Command Center  
  20  1:45  SCV  
  21  1:48  Supply Depot  
  21  1:59  Orbital Command  
  21  2:07  Marine x2  
  23  2:21  Barracks  
  23  2:25  SCV  
  23  2:27  Marine  
  23  2:28  Marine  
  26  2:37  SCV  
  27  2:47  Factory  
  27  2:50  Refinery, SCV  
  28  2:55  Marine x2  
  28  2:57  SCV  
  31  3:02  SCV  
  32  3:12  Engineering Bay  
  32  3:13  Orbital Command  
  32  3:15  SCV  
  32  3:19  Barracks Tech Lab  
  33  3:33  Marine x2  
  35  3:35  SCV  
  35  3:36  Factory Tech Lab  
  35  3:41  Starport  
  36  3:42  SCV  
  36  3:47  Marine, SCV  
  39  3:53  Stimpack  
  39  3:56  SCV  
  39  4:01  Siege Tank  
  43  4:06  Marine x2  
  43  4:07  Marine  
  46  4:16  Supply Depot  
  46  4:29  Supply Depot  
  46  4:32  Marine  
  46  4:38  Marine x2, SCV x2, Medivac  
  52  4:42  Bunker  
  52  4:45  Supply Depot  
  52  4:51  Siege Tank  
  52  4:52  SCV x2  
  57  4:55  Supply Depot  
  57  5:04  SCV x2  
  59  5:11  Barracks, Medivac  
  59  5:14  Marine x3  
  61  5:16  SCV  
  61  5:17  SCV  
  66  5:24  Siege Tank  
  66  5:26  Supply Depot  
  69  5:29  Refinery  
  69  5:31  Refinery  
  69  5:38  Supply Depot, Marine  
  69  5:39  Marine x2  
  72  5:52  SCV x2  
  74  5:57  Marine x2  
  74  5:59  Siege Tank  
  74  6:00  Starport Reactor  
  74  6:02  Supply Depot  
  79  6:04  SCV  
  79  6:06  Barracks x2  
  79  6:07  Barracks Reactor  
  79  6:10  SCV  
  81  6:16  Marine, SCV  
  83  6:22  SCV  
  83  6:23  Supply Depot  
  84  6:29  SCV  
  74  6:43  Marine  
  74  6:44  Marine x4  
  78  6:49  Medivac x2  
  78  6:50  Siege Tank  
  78  6:52  SCV  
  86  6:56  Barracks Reactor  
  86  6:58  SCV  
  87  7:01  Marine x2  
  87  7:02  Marine  
  87  7:04  SCV  
  90  7:24  Medivac x2  
  90  7:25  Marine x5  
  90  7:26  Siege Tank  
  101  7:42  Marine  
  101  7:43  Marine x3  
  101  7:44  Marine  
  104  8:10  Medivac x2  
  104  8:11  Marine x2  
  110  8:20  Marine  
  110  8:23  Marine  
  110  8:38  Marine  
  110  8:39  Marine  
  110  8:40  Marine  
  110  8:50  Supply Depot  
  110  8:52  Marine x2  
  119  8:56  Marine  
  119  8:57  Marine  
  119  8:58  Marine  
Show
View Real Time Build Order
Export as new Build Order

A.I. 1 (Elite) Zerg 

Build Orders: Pool First 

Get SALT Encoding   

  12  0:00  Drone  
  13  0:12  Overlord  
  13  0:16  Drone  
  14  0:30  Drone x2  
  16  0:43  Spawning Pool  
  16  0:45  Drone  
  16  0:50  Drone  
  17  1:15  Hatchery, Drone  
  17  1:17  Extractor  
  16  1:20  Drone  
  16  1:22  Extractor  
  16  1:26  Drone  
  16  1:30  Drone  
  18  1:38  Drone  
  19  1:48  Overlord  
  19  1:56  Queen  
  21  2:02  Zergling x2  
  22  2:10  Drone  
  23  2:26  Queen  
  23  2:28  Drone  
  26  2:34  Drone  
  27  2:40  Drone  
  28  2:44  Drone  
  29  2:56  Roach Warren  
  29  2:58  Drone  
  29  3:02  Drone  
  30  3:06  Zergling x2  
  30  3:09  Zergling x2  
  32  3:14  Overlord  
  32  3:18  Drone  
  33  3:20  Drone  
  34  3:36  Roach  
  34  3:37  Roach x2  
  34  3:39  Roach  
  42  3:45  Lair  
  42  3:50  Overlord  
  42  3:55  Overlord  
  42  3:58  Zergling x2  
  42  4:01  Zergling x2  
  44  4:08  Zergling x2, Drone  
  44  4:09  Drone  
  47  4:10  Drone  
  47  4:13  Drone  
  47  4:15  Drone  
  50  4:20  Overlord  
  50  4:25  Roach  
  50  4:27  Roach  
  54  4:32  Roach  
  54  4:34  Roach  
  54  4:38  Overlord  
  58  4:44  Drone  
  58  4:45  Hydralisk Den  
  58  4:47  Drone  
  58  4:48  Drone  
  58  4:52  Roach  
  62  4:56  Roach  
  62  4:59  Overlord  
  64  5:06  Drone  
  65  5:08  Drone  
  65  5:10  Drone  
  65  5:12  Drone  
  68  5:14  Hydralisk, Drone  
  68  5:17  Hydralisk  
  68  5:20  Drone  
  74  5:21  Drone  
  74  5:25  Overlord  
  74  5:28  Drone  
  76  5:29  Drone  
  76  5:31  Drone  
  76  5:33  Drone  
  79  5:37  Drone  
  79  5:40  Drone  
  79  5:41  Infestation Pit  
  80  5:46  Overlord  
  80  5:48  Drone  
  81  5:57  Metabolic Boost  
  81  5:58  Evolution Chamber  
  80  6:07  Ravager  
  80  6:09  Evolution Chamber  
  80  6:10  Hatchery  
  79  6:18  Drone  
  79  6:19  Infestor  
  79  6:20  Drone  
  79  6:22  Roach  
  85  6:26  Zerg Ground Armor Level 1, Infestor  
  85  6:30  Evolution Chamber  
  85  6:31  Drone  
  85  6:32  Zergling x2  
  84  6:33  Roach  
  84  6:34  Zergling x2, Zerg Melee Weapons Level 1  
  84  6:39  Roach  
  68  6:41  Roach  
  68  6:45  Extractor  
  68  6:46  Roach  
  65  6:48  Drone  
  65  6:50  Zergling x2, Roach  
  69  6:54  Extractor  
  69  6:56  Zerg Missile Weapons Level 1  
  69  6:59  Hydralisk  
  70  7:08  Drone x3  
  71  7:09  Hydralisk  
  71  7:14  Zergling x2  
  71  7:15  Zergling x10  
  78  7:18  Roach  
  78  7:21  Drone  
  78  7:22  Roach, Drone  
  72  7:23  Zergling x2, Roach  
  72  7:26  Overseer  
  72  7:29  Roach  
  72  7:32  Roach, Drone  
  64  7:40  Drone  
  64  7:42  Drone  
  64  7:43  Drone  
  58  7:47  Drone x2  
  58  7:49  Roach  
  57  7:54  Roach  
  57  7:58  Drone  
  55  7:59  Drone  
  55  8:02  Drone  
  55  8:04  Drone  
  58  8:07  Zergling x2  
  58  8:11  Drone  
  57  8:14  Drone  
  57  8:17  Drone  
  40  8:36  Zergling x2  
  40  8:38  Zergling x2  
  34  8:44  Queen  
  34  8:48  Roach  
  36  8:50  Hydralisk  
  36  8:51  Roach Warren  
  35  9:01  Zergling x4  
Tags
 
League
Gold
Matchup
TvZ
Opening
Pool First
Add a new tag
Caveats
  • Supply blocks, unpowered buildings, or Contaminate may cause inaccurate times.
  • Supply counts are checked every 10 seconds.